 Dungeon Crawl Stone Soup version 0.28-a0-909-g796cbd3a86 (webtiles) character file.

Game seed: 2231855232375279032

9 Peloso the Covered (level 2, -1/27 HPs)
             Began as a Minotaur Fighter on Nov 24, 2021.
             Killed from afar by Natasha (7 damage)
             ... with a puff of flame
             ... on level 2 of the Dungeon.
             The game lasted 00:00:49 (1112 turns).

Peloso the Covered (Minotaur Fighter)               Turns: 1112, Time: 00:00:49

Health: -1/27      AC:  7    Str: 20    XL:     2   Next: 6%
Magic:  1/1        EV:  9    Int:  5    God:
Gold:   44         SH:  4    Dex:  9    Spells: 1/1 levels left

rFire   . . .      SeeInvis .   a - +0 long sword
rCold   . . .      Faith    .   c - +0 buckler
rNeg    . . .      Spirit   .   e - +0 scale mail
rPois   .          Reflect  .   (helmet restricted)
rElec   .          Harm     .   (no cloak)
rCorr   .          Rampage  .   (no gloves)
Will    .....                   (no boots)
Stlth   ..........              (no amulet)
HPRegen 0.09/turn               (no ring)
MPRegen 0.07/turn               (no ring)

@: slowed, very slow
A: horns 2, retaliatory headbutt
a: no special abilities


You were on level 2 of the Dungeon.
You visited 1 branch of the dungeon, and saw 2 of its levels.

You collected 44 gold pieces.

Inventory:

Hand Weapons
 a - a +0 long sword (weapon)
 b - a +1 dagger of flaming
Armour
 c - a +0 buckler (worn)
 e - a +0 scale mail (worn)
Scrolls
 h - a scroll of enchant armour {unknown}
 i - a scroll of fog {unknown}
Potions
 d - a potion of might
 f - a potion of curing {unknown}
 g - a potion of flight {unknown}


   Skills:
 + Level 3.8 Fighting
 + Level 2.5 Long Blades
 + Level 3.9 Armour
 + Level 0.1 Stealth
 + Level 3.8 Shields


You had one spell level left.
You didn't know any spells.
Your spell library was empty.

Dungeon Overview and Level Annotations

Branches:
Dungeon (2/15)

Altars:

Annotations:
D:2 Natasha


Innate Abilities, Weirdness & Mutations

You have a pair of horns on your head.
You reflexively headbutt those who attack you in melee.


Message History

a +0 short sword; 5 stones
Found a pink potion.
The bat hits you. The bat hits you.
You barely miss the bat. Your headbutt misses the bat. The bat hits you.
The bat hits you but does no damage.
You hit the bat.
The bat is heavily wounded.
The bat closely misses you. The bat hits you but does no damage.
You closely miss the bat. Your headbutt misses the bat.
The bat is heavily wounded.
The bat closely misses you. The bat hits you but does no damage.
You barely miss the bat. You headbutt the bat.
You kill the bat!
Natasha, Servant of Life and Death comes into view.
She is carrying a wand of flame (19).
Natasha is nearby!
Natasha hisses angrily.
Natasha zaps a wand.
You block the puff of flame. Natasha casts a spell at you.
You feel yourself slow down.
Natasha mumbles some strange words.
Natasha casts a spell.
Natasha mumbles some strange words.
You hit Natasha.
Natasha is moderately wounded.
You block the white imp's attack. Natasha barely misses you.
The crimson imp blinks!
You hit Natasha but do no damage.
Natasha is moderately wounded.
Natasha zaps a wand.
The puff of flame hits you. The white imp hits you. The white imp freezes you.
The crimson imp closely misses you. You block the iron imp's attack.
The crimson imp hits you but does no damage.
Natasha casts a spell at you.
You feel as though you will be slow longer.
You block the white imp's attack. The iron imp hits you!
* * * LOW HITPOINT WARNING * * *
You miss Natasha.
Natasha is moderately wounded.
Natasha zaps a wand.
The puff of flame hits you!
You die...

#....# ....
+###....###........#
...................#
...................#
.................#
#...............#
#..5............##
+..5@5...........>
#...h...†........#
#..>..............
###..!##..))....##
+...##........#
#...####'######
#...# #.# #...# #.#
#...# #.#######


You could see an iron imp (summoned), Natasha, a crimson imp (summoned) and a
white imp (summoned).

Vanquished Creatures
  A bat (D:2)
  2 endoplasms (D:1)
  2 goblins (D:1)
  A hobgoblin (D:1)
  A frilled lizard (D:1)
  A kobold (D:2)
  A rat (D:1)
9 creatures vanquished.

Notes
Turn   | Place    | Note
-------+----------+-------------------------------------------
     0 | D:1      | Peloso the Minotaur Fighter began the quest for the Orb.
     0 | D:1      | Reached XP level 1. HP: 19/19 MP: 0/0
   666 | D:1      | Found a faded altar of an unknown god.
  1086 | D:2      | Reached XP level 2. HP: 26/27 MP: 1/1
  1104 | D:2      | Noticed Natasha
  1110 | D:2      | Noticed a crimson imp
  1112 | D:2      | Killed from afar by Natasha

Illustrated notes

Levels and vault maps discovered:
D:1:      dpeg_arrival_stone_temple_mockup, layout_loops_corners,
          chequers_ecumenical_altar_island
D:2:      layout_basic, serial_shops, nicolae_shop_bloodbath_and_beyond,
          basic_altar, minmay_goblin_outpost, uniq_natasha

Action                   || total
-------------------------++-------
Melee: Long sword        ||    20
       Headbutt          ||     2
Armor: Scale mail        ||    10
Dodge: Dodged            ||     8
Block: Buckler           ||     8

Table legend: (Time is in decaauts)
 A = Elapsed time spent in this place.
 B = Non-inter-level travel time spent in this place.
 C = Inter-level travel time spent in this place.
 D = Time resting spent in this place.
 E = Time spent auto-exploring this place.
 F = Levels seen in this place.
 G = Mean time per level.
                   A        B        C        D        E       F      G
               +--------+--------+--------+--------+--------+-----+--------+
         Total |   1122 |   1085 |     37 |      0 |    983 |   2 |  561.0 |
       Dungeon |   1122 |   1085 |     37 |      0 |    983 |   2 |  561.0 |
               +--------+--------+--------+--------+--------+-----+--------+

Top non-repeatable levels by time:
     D:1: 989 daAuts
     D:2: 133 daAuts
